 Dungeon Crawl Stone Soup version 0.24.0-123-gd5b16e6ec5 (webtiles) character file.

Game seed: 13165979256836641429, levelgen mode: deterministic

56 Hasart the Sneak (level 3, -2/24 HPs)
             Began as a Vampire Wizard on Jan 15, 2020.
             Slain by an adder (4 damage)
             ... on level 2 of the Dungeon.
             The game lasted 00:05:00 (1788 turns).

Hasart the Sneak (Vampire Wizard)                   Turns: 1788, Time: 00:05:01

Health: -2/24      AC:  3    Str:  6    XL:     3   Next: 69%
Magic:  3/7        EV: 13    Int: 21    God:
Gold:   56         SH:  0    Dex: 12    Spells: 2/8 levels left

rFire    . . .     SeeInvis +   c - +0 dagger
rCold    . . .     Gourm    .   (no shield)
rNeg     . . .     Faith    .   a - +0 robe
rPois    .         Spirit   .   b - +0 hat
rElec    .         Reflect  .   (no cloak)
rCorr    .         Harm     .   l - +0 pair of gloves
MR       .....                  (no boots)
Stlth    ++........             (no amulet)
HPRegen  0.28/turn              (no ring)
MPRegen  0.10/turn              (no ring)

@: lethally poisoned (-2 -> -3), very slightly contaminated, regenerating
quickly
A: no food, fangs 3, see invisible, unbreathing
a: Exsanguinate


You were on level 2 of the Dungeon.
You were alive.

You visited 1 branch of the dungeon, and saw 3 of its levels.

You collected 56 gold pieces.

Inventory:

Hand Weapons
 c - a +0 dagger (weapon)
Armour
 a - a +0 robe (worn)
 b - a +0 hat (worn)
 l - a +0 pair of gloves (worn)
Wands
 o - a wand of polymorph (8)
Scrolls
 d - a scroll of fog {unknown}
 e - a scroll of teleportation {unknown}
 f - a scroll of noise {unknown}
 g - 2 scrolls of identify {unknown}
 i - 6 scrolls of remove curse {unknown}
 j - a scroll of magic mapping {unknown}
 m - 2 scrolls of enchant weapon {unknown}
Potions
 h - 2 potions of degeneration {unknown}
 k - 2 potions of curing {unknown}
 n - a potion of resistance
 p - a potion of ambrosia {unknown}


   Skills:
 + Level 2.7 Dodging
 + Level 4.0 Stealth
 + Level 3.3 Spellcasting
 + Level 1.3 Conjurations
 + Level 1.3 Summonings
   Level 0.7 Translocations
 + Level 0.1 Air Magic
 + Level 0.1 Poison Magic


You had 2 spell levels left.
You knew the following spells:

 Your Spells              Type           Power        Failure   Level  Hunger
a - Magic Dart            Conj           #...         8%          1    N/A
b - Call Imp              Summ           #.......     11%         2    N/A
c - Mephitic Cloud        Conj/Pois/Air  #.......     30%         3    N/A

Your spell library contained the following spells:

 Spells                   Type           Power        Failure   Level  Hunger
 Blink                    Tloc           N/A          14%         2    N/A
 Slow                     Hex            #.......     21%         2    N/A
 Conjure Flame            Conj/Fire      #.......     28%         3    N/A

Dungeon Overview and Level Annotations

Branches:
Dungeon (3/15)

Altars:
Nemelex Xobeh

Annotations:
D:2 Natasha, Sigmund
D:3 Crazy Yiuf


Innate Abilities, Weirdness & Mutations

You do not eat.
Your natural rate of healing is unusually fast.
You have razor-sharp teeth.
You have supernaturally acute eyesight. (SInv)
You can survive without breathing.


Message History

You are poisoned.
The adder poisons you! The adder barely misses you.
Found 15 gold pieces.
Unknown command.
Unknown command.
You feel sick. The adder bites you.
* * * LOW HITPOINT WARNING * * *
Found 5 gold pieces.
* * * LOW HITPOINT WARNING * * *
You feel sick.
There is a stone staircase leading down here.
Casting: Mephitic Cloud (safe; 30% risk of failure)
Confirm with . or Enter, or press ? or * to list all spells.
A metallic apparition takes form in the air.
The adder closely misses you. The adder barely misses you.
Casting: Call Imp (safe; 11% risk of failure)
Confirm with . or Enter, or press ? or * to list all spells.
A beastly little devil appears in a puff of frigid air.
The adder bites you.
You die...

#.........#
#.........#
#.........#
##.........#
###....$...@.# ###
.............# ...
##..###.###### #.#
##.###w### #.# #
.......5S@######.##.#
.....####...........#
#### #.5#####.####
#$.# #.# ...# #.#
#.## #.# #.######.#
..#..#.....#
#.##.#.##########


You could see an adder, a dart slug, a friendly iron imp and a friendly white
imp.

Vanquished Creatures
  2 adders (D:3)
  2 dart slugs
  A ball python (D:2)
  5 bats
  3 giant cockroaches
  6 goblins
  4 hobgoblins
  A quokka (D:3)
  2 frilled lizards (D:1)
  8 rats
34 creatures vanquished.

Notes
Turn   | Place    | Note
-------+----------+-------------------------------------------
     0 | D:1      | Hasart the Vampire Wizard began the quest for the Orb.
     0 | D:1      | Reached XP level 1. HP: 13/13 MP: 4/4
   282 | D:1      | Reached XP level 2. HP: 19/19 MP: 6/6
   311 | D:1      | Reached skill level 1 in Conjurations
   334 | D:1      | Learned a level 2 spell: Call Imp
   961 | D:2      | Noticed Natasha
   982 | D:2      | Noticed a crimson imp
  1131 | D:3      | Reached XP level 3. HP: 22/24 MP: 7/7
  1188 | D:3      | Learned a level 3 spell: Mephitic Cloud
  1334 | D:3      | Reached skill level 4 in Stealth
  1558 | D:3      | Found a sparkling altar of Nemelex Xobeh.
  1575 | D:3      | Found a runed translucent door.
  1576 | D:3      | Noticed Crazy Yiuf
  1782 | D:2      | Noticed Sigmund
  1783 | D:2      | HP: 1/24 [adder (4)]
  1788 | D:2      | Slain by an adder

Levels and vault maps discovered:
D:1:      ncdulo_wetmaze, layout_rooms
D:2:      layout_basic, first_ration, uniq_sigmund, uniq_natasha
D:3:      layout_basic, nemelex_xobeh_ov_fountains_minmay,
          uniq_crazy_yiuf_cottage

Skill      XL: |  1  2  3 |
---------------+----------+-----
Conjurations   | 1 |  1.3
Stealth        | 4 |  4.0
Dodging        | |  2.7
Spellcasting   | |  3.3
Summonings     | |  1.3
Translocations | |  0.7
Air Magic      | |  0.1
Poison Magic   | |  0.1

Action                   || total
-------------------------++-------
Melee: Dagger            ||   117
       Bite              ||     7
       Unarmed           ||     3
 Cast: Magic Dart        ||    39
       Call Imp          ||     2
       Mephitic Cloud    ||     1
 Stab: Sleeping          ||     6
Armor: Robe              ||    35
Dodge: Dodged            ||   101
